[Event "*** Titled Tuesday Blitz"]
[Site "Chess.com"]
[Date "2021.02.09"]
[Round "1"]
[White "andriipalchuk"]
[Black "Andrakhanova"]
[Result "1-0"]
[WhiteElo "2559"]
[BlackElo "2248"]
[TimeControl "180+1"]
[EndTime "10:07:08 PST"]
[Termination "andriipalchuk won by resignation"]

1. e4 c5 2. Nf3 e6 3. c3 Nf6 4. e5 Nd5 5. Bc4 Nb6 6. Bb3 d6 7. exd6 Bxd6 8. O-O O-O 9. d4 h6 10. dxc5 Bxc5 11. Qe2 N8d7 12. Bf4 Nf6 13. Nbd2 Nbd5 14. Bg3 b6 15. Rfd1 Qe7 16. Bc2 a5 17. Ne4 Ba6 18. Qe1 Nxe4 19. Bxe4 Rad8 20. Ne5 Bb7 21. c4 Nb4 22. a3 Na6 23. Nc6 Bxc6 24. Bxc6 Rxd1 25. Rxd1 Rd8 26. Bf3 Bd4 27. Qe2 Nc5 28. h3 Qf6 29.
Kh2 a4 30. Bc6 Kh7 31. Bb5 g6 32. Bc7 Rc8 33. Bxb6 Bxf2 34. Rf1 Qf4+ 35. Kh1 Ne4 36. Bxf2 Rd8 37. Be1 Ng3+ 38. Bxg3 Qxg3 39. Rxf7+ Kg8 40.
Rf1 Rd4 41. Qxe6+ 1-0

[Event "*** Titled Tuesday Blitz"]
[Site "Chess.com"]
[Date "2021.02.09"]
[Round "1"]
[White "RaneshRatnesan"]
[Black "goldihouse"]
[Result "0-1"]
[WhiteElo "2187"]
[BlackElo "2516"]
[TimeControl "180+1"]
[EndTime "10:07:08 PST"]
[Termination "goldihouse won on time"]

1. d4 Nf6 2. Bf4 e6 3. e3 c5 4. c3 Nc6 5. Nf3 Nh5 6. Bg5 Qb6 7. Qb3 h6 8. Bh4 g5 9. Bg3 Nxg3 10. hxg3 Bg7 11. Nbd2 d5 12. Qc2 Bd7 13. Bd3 Rc8 14.
Qd1 Qxb2 15. Rc1 cxd4 16. cxd4 Nb4 17. Rxc8+ Bxc8 18. Bb1 Bd7 19. O-O Bb5 20. Re1 Nd3 21. Bxd3 Bxd3 22. Qa4+ b5 23. Qxa7 O-O 24. Nb3 Bc4 25.
Nfd2 e5 26. dxe5 Bxe5 27. Nf3 Bg7 28. Nfd4 Qc3 29. Rc1 Qd3 30. Qc5 Ra8 31. Rc2 Qg6 32. Kh2 Kh7 33. Rd2 Ra6 34. Nxb5 Rc6 0-1

[Event "*** Titled Tuesday Blitz"]
[Site "Chess.com"]
[Date "2021.02.09"]
[Round "1"]
[White "Balla_Tamas"]
[Black "mamonika"]
[Result "1-0"]
[WhiteElo "2481"]
[BlackElo "2017"]
[TimeControl "180+1"]
[EndTime "10:07:10 PST"]
[Termination "Balla_Tamas won on time"]

1. e4 c5 2. Nf3 e6 3. d4 cxd4 4. Nxd4 Nf6 5. Nc3 d6 6. g3 Nc6 7. Bg2 Be7 8. Nxc6 bxc6 9. e5 Nd5 10. exd6 Qxd6 11. Ne4 Qc7 12. O-O O-O 13. c4 Nf6 14. Qc2 Bb7 15. Nxf6+ Bxf6 16. Bf4 Qb6 17. c5 Qb5 18.
Bd6 Rfd8 19. Rab1 a5 20. b3 Ba6 21. Rfd1 Ra7 22. a4 Qe2 23. Qxe2 Bxe2 24. Rd2 Ba6 25.
Bxc6 Bb7 26. Bb5 Bd5 27. f4 Bc3 28. Re2 Bb4 29. Rd1 Rc8 30. Kf2 h6 31. Rc1 Ba3 32. Rc3 Bb4 33. Rec2 Bxc3 34. Rxc3 Rb7 35. Ke3 Bc6 36. Ba6 Rbc7 37. Bxc7 Rxc7 38. Bb5 Bxb5 39. axb5 Kf8 40. b6 1-0

[Event "*** Titled Tuesday Blitz"]
[Site "Chess.com"]
[Date "2021.02.09"]
[Round "1"]
[White "Grandmaster2B"]
[Black "Schack-Hugo"]
[Result "1-0"]
[WhiteElo "2538"]
[BlackElo "2222"]
[TimeControl "180+1"]
[EndTime "10:07:11 PST"]
[Termination "Grandmaster2B won on time"]

1. e4 c5 2. Nf3 d6 3. d4 cxd4 4. Nxd4 Nf6 5. Nc3 a6 6. f3 e5 7. Nb3 Be7 8. Be3 Be6 9. Qd2 Nbd7 10. O-O-O O-O 11. g4 b5 12. g5 Nh5 13. Nd5 Bxd5 14. exd5 f5 15. gxf6 Bxf6 16. Na5 Qe8 17. Bh3 Nf4 18.
Bf5 g6 19. Be4 Bg7 20. h4 Nf6 21. Rdg1 N6h5 22. Nc6 Qd7 23. Bxf4 exf4 24. Rg4 Nf6 25. Rg2 Nxe4 26. fxe4 Rae8 27. Qd3 f3 28. Rf2 Qg4 29. Rhf1 Bh6+ 30. Kb1 Rxe4 31. a3 Re3 32. Qd4 Qxd4 33. Nxd4 Re4 34. Ne6 Rf7 35. Rxf3 1-0

[Event "*** Titled Tuesday Blitz"]
[Site "Chess.com"]
[Date "2021.02.09"]
[Round "1"]
[White "IljaJoke"]
[Black "Grineva_Marianna"]
[Result "1-0"]
[WhiteElo "2518"]
[BlackElo "2197"]
[TimeControl "180+1"]
[EndTime "10:07:11 PST"]
[Termination "IljaJoke won by resignation"]

1. e4 c5 2. Nf3 Nc6 3. d4 cxd4 4. Nxd4 Nf6 5. Nc3 g6 6. Nxc6 bxc6 7. e5 Ng8 8. Be3 Bg7 9. f4 Qa5 10. Bc4 Nh6 11. O-O Rb8 12. Bb3 O-O 13. Qd2 Kh8 14. h3 Ba6 15. Rfe1 Rbd8 16. Rad1 Nf5 17.
Bf2 d5 18. exd6 Rxd6 19. Qc1 Rxd1 20. Rxd1 Rd8 21. Rxd8+ Qxd8 22. Qd1 Qxd1+ 23. Nxd1 Bd4 24. Bxf7 Kg7 25. Bb3 c5 26. c3 Bxf2+ 27. Kxf2 Bd3 28. g4 Nd6 29. Ke3 c4 30. Ba4 h5 31. Nf2 Bb1 32. a3 Kf6 33. Bc6 e5 34. Ne4+ Nxe4 35. Bxe4 exf4+ 36. Kxf4 Ba2 37. g5+ Kg7 38. h4 Bb3 39.
Ke5 Bd1 40. Kd4 Be2 41. Bd5 a5 42. Bxc4 Bg4 43. Ke5 Kf8 44. Bd3 Kf7 45. c4 Ke7 46. c5 Kd7 47. Bxg6 Kc6 48. Kd4 a4 49. Be8+ Kc7 50.
g6 Be6 51. g7 Kd8 52. Bxh5 Ke7 53. Bf3 Kf6 54. Bd5 1-0

[Event "*** Titled Tuesday Blitz"]
[Site "Chess.com"]
[Date "2021.02.09"]
[Round "1"]
[White "ural58"]
[Black "MVM2008"]
[Result "0-1"]
[WhiteElo "2474"]
[BlackElo "2114"]
[TimeControl "180+1"]
[EndTime "10:07:11 PST"]
[Termination "MVM2008 won by resignation"]

1. e4 Nf6 2. e5 Nd5 3. Nc3 Nxc3 4. dxc3 d5 5. Bd3 c5 6. c4 dxc4 7. Bxc4 Qxd1+ 8. Kxd1 Nc6 9. Bf4 Bf5 10. c3 O-O-O+ 11. Ke2 g5 12. Bg3 Bg7 13. Bxf7 e6 14. h4 g4 15. f4 h5 16. Bf2 b6 17. Rd1 Rxd1 18. Kxd1 Nd8 19. Bxh5 Rxh5 20. Ne2 Rh8 21. h5 Bh6 22.
Bh4 Nc6 23. Bf6 Rh7 24. Kd2 Rd7+ 25. Ke3 Ne7 26. Bxe7 Rxe7 27. Ng3 Kc7 28. Ne4 Bxe4 29. Kxe4 Rf7 30. g3 Rg7 31. a4 Kc6 32. b4 a6 33. Rd1 Rd7 34. b5+ axb5 35. axb5+ Kc7 36.
Ra1 Kb7 37. Rh1 c4 38. Rh4 Rd3 39. Rxg4 Rxc3 40. Rg6 Bf8 41. g4 Bc5 42. f5 Re3+ 43. Kf4 exf5 44. gxf5 c3 45. Rg2 Rd3 46. h6 Rd2 47. Rg1 Bxg1 48. h7 Rh2 49. e6 c2 50.
f6 c1=Q+ 51. Kf5 Qc5+ 52. Kg6 Qh5+ 53. Kg7 Qxh7+ 54. Kf8 Bc5+ 55. e7 Bxe7+ 56. fxe7 Rf2+ 57. Ke8 Re2 0-1

[Event "*** Titled Tuesday Blitz"]
[Site "Chess.com"]
[Date "2021.02.09"]
[Round "1"]
[White "TigranMukhutdinov"]
[Black "pavlitas17"]
[Result "1/2-1/2"]
[WhiteElo "2603"]
[BlackElo "2317"]
[TimeControl "180+1"]
[EndTime "10:07:12 PST"]
[Termination "Game drawn by agreement"]

1. Nf3 Nf6 2. g3 g6 3. b3 Bg7 4. Bb2 O-O 5. Bg2 d6 6. d4 c5 7. c4 cxd4 8. Nxd4 e5 9. Nb5 Ne8 10. O-O Nc6 11. N5c3 f5 12. Na3 a6 13. Nc2 e4 14.
Qc1 Qf6 15. Rb1 Qf7 16. Nd5 Be6 17. Nce3 g5 18. Bxg7 Qxg7 19. f4 exf3 20. exf3 Nd4 21. Qd2 f4 22. Nc2 Nxc2 23. Qxc2 Bf5 24. Qd2 Bxb1 25.
Rxb1 Nf6 26. g4 Nxd5 27. Qxd5+ Kh8 28. Rd1 Rad8 29. Bf1 Qe5 30. Bd3 Qxd5 31. cxd5 Rc8 32. Be4 Rc3 33. Kg2 h6 34. h4 Kg7 35. Rh1 Rh8 36. Bf5 gxh4 37. Re1 h3+ 38. Kxh3 Rxf3+ 39. Kg2 Rg3+ 40. Kf2 Re3 41. Rc1 Rhe8 42. Rc7+ R8e7 43. Rc4 f3 44. Be6 R3xe6 45. dxe6 Rxe6 46. Rc7+ Kg6 47. Kxf3 b5 48. Rc6 a5 49. Rb6 b4 50. Ra6 Rf6+ 51.
Kg3 Re6 52. Rxa5 Re3+ 53. Kf4 Rd3 54. Rb5 Rd4+ 55. Kf3 Kf6 56. Kg3 Ke6 57. Rh5 d5 58. Rxh6+ Ke5 59. Rh8 Rd2 60. Rb8 d4 61. Rxb4 d3 62. Kf3 Rxa2 63. Ke3 d2 64. Rb5+ Kd6 65. Ke2 Kc6 66. Rg5 Rb2 67. Rf5 Rxb3 68. Kxd2 Rg3 69.
Rf4 Kd5 70. Ke2 Ke5 71. Rf5+ Ke4 72. Rf8 Rxg4 73. Re8+ 1/2-1/2

[Event "*** Titled Tuesday Blitz"]
[Site "Chess.com"]
[Date "2021.02.09"]
[Round "1"]
[White "Stormeman100100"]
[Black "Pantata007"]
[Result "1-0"]
[WhiteElo "2555"]
[BlackElo "2240"]
[TimeControl "180+1"]
[EndTime "10:07:12 PST"]
[Termination "Stormeman100100 won on time"]

1. e4 e5 2. Nf3 Nc6 3. Bc4 Bc5 4. d3 Nf6 5. c3 O-O 6. O-O d6 7. Nbd2 a5 8. Re1 Be6 9. Bb5 Ba7 10. Nf1 h6 11. d4 exd4 12. cxd4 Bg4 13. Bxc6 bxc6 14.
Ne3 Bxf3 15. gxf3 Nh5 16. Kh1 Qd7 17. Nf5 d5 18. Rg1 Kh7 19. Qd3 dxe4 20. fxe4 g6 21. Nxh6 Qxd4 22. Qxd4 Bxd4 23. Ng4 Rab8 24. Rb1 Rfe8 25.
Re1 f5 26. Ne3 Rxe4 27. f3 Re7 28. Nc2 Rxe1+ 29. Nxe1 Nf4 30. Bxf4 Rxb2 31. Rxb2 Bxb2 32. Nd3 Bf6 33. Bxc7 1-0

[Event "*** Titled Tuesday Blitz"]
[Site "Chess.com"]
[Date "2021.02.09"]
[Round "1"]
[White "theultimatehunter"]
[Black "sokidze"]
[Result "1-0"]
[WhiteElo "2220"]
[BlackElo "2504"]
[TimeControl "180+1"]
[EndTime "10:07:12 PST"]
[Termination "theultimatehunter won on time"]

1. d4 Nf6 2. Nf3 e6 3. c4 b6 4. g3 c6 5. Bg2 Be7 6. O-O O-O 7. Qc2 d5 8. Nbd2 Bb7 9. e4 Na6 10. e5 Nd7 11. b3 c5 12. Bb2 Nb4 13. Qb1 Rc8 14. a3 Nc6 15. cxd5 exd5 16. Qf5 cxd4 17. e6 Nc5 18. Nxd4 Nxd4 19. Bxd4 fxe6 20. Qg4 Bf6 21. Bxc5 bxc5 22. Qxe6+ Kh8 23. Rad1 Re8 24. Qf5 Re5 25. Qc2 Qe7 26. Nf3 Re2 27. Rd2 Rxd2 28. Qxd2 c4 29. bxc4 dxc4 30. Re1 Qxa3 31. Qd7 Qf8 32. Qxb7 c3 33. Rc1 a5 34. Ne1 h6 35. Qb3 Qc5 36.
Nd3 Qd4 37. Nf4 Re8 38. Bf1 Bg5 39. Qf7 1-0

[Event "*** Titled Tuesday Blitz"]
[Site "Chess.com"]
[Date "2021.02.09"]
[Round "1"]
[White "Bigfish1995"]
[Black "dennisodessa"]
[Result "1-0"]
[WhiteElo "2990"]
[BlackElo "2463"]
[TimeControl "180+1"]
[EndTime "10:07:13 PST"]
[Termination "Bigfish1995 won by resignation"]

1. d4 Nf6 2. c4 e6 3. Nc3 Bb4 4. Qc2 Nc6 5. Nf3 d6 6. a3 Bxc3+ 7. Qxc3 a5 8. b3 O-O 9. Bb2 Qe7 10. d5 exd5 11. cxd5 Ne5 12. Nxe5 dxe5 13. Rd1 Rd8 14. Qxe5 Qxe5 15. Bxe5 Rxd5 16. Rxd5 Nxd5 17. e4 Nf6 18. Bd3 Be6 19. Ke2 c6 20. Rb1 Re8 21. f3 Nd7 22. Bc3 Nc5 23. Bc2 f5 24. e5 f4 25. g3 b6 26. gxf4 Rf8 27. Ke3 g6 28.
Bd4 Bd5 29. b4 axb4 30. axb4 Ne6 31. Bxb6 Rxf4 32. Bd1 Rh4 33. Rb2 Kf7 34. Ba7 g5 35. Bb8 Rd4 36. Be2 h6 37. Bd6 Rh4 38. Bf1 Nf4 39.
b5 cxb5 40. Bxb5 Ne6 41. Bd3 Rf4 42. Be2 Nd4 43. Rd2 Nxe2 44. Rxd5 Ng1 45. Rd1 Nxf3 46. e6+ Kxe6 47. Bxf4 gxf4+ 48. Kxf3 1-0

[Event "*** Titled Tuesday Blitz"]
[Site "Chess.com"]
[Date "2021.02.09"]
[Round "1"]
[White "serhanberat_ozdemir"]
[Black "GadimbayliA"]
[Result "1-0"]
[WhiteElo "2461"]
[BlackElo "2852"]
[TimeControl "180+1"]
[EndTime "10:07:14 PST"]
[Termination "serhanberat_ozdemir won on time"]

1. e4 e5 2. Nf3 d5 3. d4 dxe4 4.
Nxe5 Bd6 5. Nc3 Bxe5 6. dxe5 Qxd1+ 7. Kxd1 Nc6 8. Bb5 Bd7 9. Bf4 O-O-O 10. Bxc6 Bxc6+ 11. Ke2 Ne7 12. Rad1 Ng6 13. Bg3 Rxd1 14. Rxd1 Re8 15.
b4 a6 16. a4 b6 17. b5 Bb7 18. Rd4 Nxe5 19. a5 bxa5 20. Ra4 axb5 21. Nxb5 Nc6 22.
Nxc7 Rd8 23. Nb5 Ba6 24. c4 Rd7 25. h4 g6 26. Nd6+ Kd8 27. Nxe4 Re7 28. Kd3 Nb4+ 29.
Kd4 Nc2+ 30. Kd3 Ne1+ 31. Kd4 Nxg2 32. Rxa5 Bc8 33. Ra8 Kd7 34. Nc5+ Kd8 35. Bd6 Re1 36. Kd5 Nxh4 37. Kc6 Rb1 38. Bc7+ Ke7 39. Rxc8 Nf5 40.
Bd8+ 1-0

[Event "*** Titled Tuesday Blitz"]
[Site "Chess.com"]
[Date "2021.02.09"]
[Round "1"]
[White "lacafi"]
[Black "PriSachu"]
[Result "0-1"]
[WhiteElo "2219"]
[BlackElo "2535"]
[TimeControl "180+1"]
[EndTime "10:07:14 PST"]
[Termination "PriSachu won by resignation"]

1. d4 d5 2. Nf3 Nf6 3. e3 c6 4. Nbd2 Bf5 5. Be2 h6 6. O-O e6 7. b3 Bd6 8. Bb2 O-O 9. c4 Nbd7 10. a3 Qe7 11. b4 Rad8 12. c5 Bc7 13. Ne5 Nxe5 14.
dxe5 Nd7 15. f4 f6 16. exf6 Nxf6 17. Nf3 Be4 18. Ne5 Nd7 19. Nxd7 Rxd7 20. Bf3 Bxf3 21. Rxf3 e5 22. fxe5 Rxf3 23. Qxf3 Bxe5 24. Bd4 Qe8 25.
Rf1 Re7 26. Qg4 Bxd4 27. exd4 Rf7 28. Rxf7 Qxf7 29. Qc8+ Kh7 30. Qb8 a6 31. Qe5 Kg6 32. h3 Qf5 33. Qe8+ Kg5 34. Qe3+ Qf4 35. Qe7+ Kg6 36.
Qe6+ Kh7 37. Qe5 Qxe5 38. dxe5 Kg6 39. Kf2 Kf5 40. Ke3 Kxe5 0-1

[Event "*** Titled Tuesday Blitz"]
[Site "Chess.com"]
[Date "2021.02.09"]
[Round "1"]
[White "GigaQuparadze"]
[Black "ketster"]
[Result "1-0"]
[WhiteElo "2907"]
[BlackElo "2452"]
[TimeControl "180+1"]
[EndTime "10:07:15 PST"]
[Termination "GigaQuparadze won on time"]

1. e4 e5 2. Nf3 Nc6 3. Bb5 a6 4. Ba4 Nf6 5. O-O Be7 6. Re1 b5 7. Bb3 d6 8. c3 O-O 9. h3 Nd7 10. d4 Bf6 11. Be3 Na5 12. Bc2 Nc4 13. Bc1 exd4 14.
cxd4 c5 15. Nc3 Ncb6 16. e5 dxe5 17. dxe5 Be7 18. Qe2 Bb7 19. e6 Bxf3 20. Qxf3 fxe6 21. Qe4 Nf6 22. Qxe6+ Rf7 23. Bg5 Qd6 24. Qxd6 Bxd6 25. Re6 Bc7 26. Rc6 c4 27. Bxf6 gxf6 28. Re1 Rd8 29.
Bf5 Kg7 30. g3 Nd5 31. Be6 Re7 32. Nxd5 Rxd5 33. Re4 Re5 34. Rg4+ Rg5 35. Rxa6 Rxg4 36. Bxg4 Be5 37. Rb6 Bxb2 38. Rxb5 c3 39. Rc5 Re1+ 40. Kg2 Ra1 41. Be6 Re1 42. Bb3 Re5 43. Rxe5 fxe5 44. Kf3 Bc1 45. a4 Ba3 46. Ke4 Kf6 47. f3 Bc5 48. Kd5 Bf2 49. g4 Bd4 50. h4 Be3 51. a5 h6 52. a6 Bf2 53. Bc2 Be3 54. Kc6 Bf2 55. Kb7 e4 56. Bxe4 Ke5 57. g5 hxg5 58. hxg5 Be3 59. g6 Kf6 60. a7 Bxa7 61. Kxa7 1-0

[Event "*** Titled Tuesday Blitz"]
[Site "Chess.com"]
[Date "2021.02.09"]
[Round "1"]
[White "platy3"]
[Black "GasconJR"]
[Result "1-0"]
[WhiteElo "2867"]
[BlackElo "2439"]
[TimeControl "180+1"]
[EndTime "10:07:15 PST"]
[Termination "platy3 won on time"]

1. e4 c5 2. Nf3 e6 3. d4 cxd4 4. Nxd4 a6 5. c4 Nf6 6. Nc3 Qc7 7. Be2 Bb4 8. Nc2 Be7 9. f4 d6 10. g4 h6 11. Be3 Nbd7 12. g5 hxg5 13. fxg5 Nh7 14.
Qd2 Nhf8 15. h4 Ne5 16. O-O-O Nxc4 17. Bxc4 Qxc4 18. Bd4 Rh7 19. Kb1 b5 20. Ne3 Qc7 21.
Ncd5 Qb7 22. Nxe7 Qxe7 23. e5 Bb7 24. Rhe1 Rxh4 25. exd6 Be4+ 26. Ka1 Qxd6 27. Qf2 Rh2 28. Qg1 Rh1 29. Qf2 Rxe1 30. Qxe1 Bf3 31. Nf5 Qc6 32.
Nxg7+ Kd7 33. Rd2 1-0

[Event "*** Titled Tuesday Blitz"]
[Site "Chess.com"]
[Date "2021.02.09"]
[Round "1"]
[White "smshk35"]
[Black "Reader777"]
[Result "1/2-1/2"]
[WhiteElo "2417"]
[BlackElo "2800"]
[TimeControl "180+1"]
[EndTime "10:07:15 PST"]
[Termination "Game drawn by repetition"]

1. e4 c5 2. Nf3 d6 3. Bd3 Nc6 4. O-O g6 5. c3 Bg7 6. Bc2 Bg4 7. h3 Bxf3 8. Qxf3 Nf6 9. d3 O-O 10.
Bg5 Nd7 11. Nd2 b5 12. Qe3 b4 13. Bh6 bxc3 14. Bxg7 Kxg7 15. bxc3 Qa5 16. d4 cxd4 17. cxd4 e5 18. Nc4 Qc7 19. dxe5 dxe5 20. Ba4 Nd4 21.
Rac1 Nb6 22. Nxb6 Qxb6 23. Rb1 Qa6 24. Bb3 Rab8 25. Bd5 Rfc8 26. f4 Ne2+ 27. Kh2 Nxf4 28. Rxb8 Rxb8 29. g3 Nxd5 30. exd5 Qxf1 31. Qxe5+ Kh6 32.
Qxb8 Qe2+ 33. Kg1 Qd1+ 34. Kh2 Qd2+ 35. Kg1 Qe3+ 36. Kg2 Qe4+ 37. Kh2 Qc2+ 38. Kg1 Qc5+ 39. Kh2 Qf2+ 40. Kh1 Qe1+ 41. Kh2 Qe2+ 42. Kh1 Qd1+ 43. Kh2 Qd2+ 44. Kg1 Qd4+ 45. Kh2 Qd2+ 1/2-1/2

[Event "*** Titled Tuesday Blitz"]
[Site "Chess.com"]
[Date "2021.02.09"]
[Round "1"]
[White "Alexchess1984"]
[Black "BabyBoss31"]
[Result "1-0"]
[WhiteElo "2683"]
[BlackElo "2355"]
[TimeControl "180+1"]
[EndTime "10:07:16 PST"]
[Termination "Alexchess1984 won by resignation"]

1. e4 c6 2. d4 d5 3. exd5 cxd5 4. c4 Nf6 5. Nc3 g6 6. cxd5 Nxd5 7. Bc4 Nxc3 8. Qb3 e6 9. bxc3 Nc6 10. Nf3 Na5 11.
Bb5+ Bd7 12. Qa4 Nc6 13. h4 a6 14. Be2 Qa5 15. Qb3 b5 16. h5 Bg7 17. hxg6 hxg6 18. Rxh8+ Bxh8 19. Bd2 Rb8 20. Ng5 b4 21. Rd1 bxc3 22. Qxc3 Qxc3 23. Bxc3 a5 24. Ne4 Ke7 25. Nc5 Nb4 26. a4 Nd5 27. Bxa5 Ra8 28. Bd2 Bxa4 29. Ra1 Bc6 30. Rc1 Be8 31. Bg5+ Bf6 32. Bxf6+ Kxf6 33. Bf3 Rd8 34. Kd2 Nf4 35. Ke3 Nd5+ 36. Bxd5 Rxd5 37.
Ne4+ Ke7 38. Rc7+ Rd7 39. Rc5 Ra7 40. Kf4 Bd7 41. g4 f6 42. g5 f5 43. Nc3 Ra1 44.
f3 Rc1 45. Nd5+ exd5 46. Rxc1 Kd6 47. Ra1 Ke6 48. Ra6+ Ke7 49. Ke5 1-0

[Event "*** Titled Tuesday Blitz"]
[Site "Chess.com"]
[Date "2021.02.09"]
[Round "1"]
[White "MPGM"]
[Black "kakorrhaphiophobie"]
[Result "1-0"]
[WhiteElo "2620"]
[BlackElo "2315"]
[TimeControl "180+1"]
[EndTime "10:07:16 PST"]
[Termination "MPGM won on time"]

1. c4 f5 2. d4 Nf6 3. Nf3 g6 4. Nc3 d6 5. Bf4 Bg7 6. e3 e6 7. c5 a6 8. Bc4 Qe7 9. cxd6 cxd6 10.
O-O b5 11. Bb3 O-O 12. d5 e5 13. Bxe5 Nbd7 14. Bd4 b4 15. Ne2 h6 16. Nf4 Kh7 17.
Nh4 g5 18. Nhg6 Qf7 19. Nxf8+ Nxf8 20. Ne6 Nxe6 21. dxe6 Bxe6 22. Qf3 Ne4 23. Rfd1 Bxb3 24. axb3 Bxd4 25. Rxd4 Kg6 26. Rxd6+ Nxd6 27. Qxa8 Ne4 28.
Qxa6+ Kh5 29. Qe2+ g4 30. f3 gxf3 31. gxf3 Qg7+ 32.
Kh1 Ng5 33. Rg1 Qb7 34. e4 fxe4 35. fxe4+ Kg6 36. h4 Qc8 37. Qg2 1-0

[Event "*** Titled Tuesday Blitz"]
[Site "Chess.com"]
[Date "2021.02.09"]
[Round "1"]
[White "Aisen1011"]
[Black "anasta10"]
[Result "1-0"]
[WhiteElo "2167"]
[BlackElo "2475"]
[TimeControl "180+1"]
[EndTime "10:07:17 PST"]
[Termination "Aisen1011 won on time"]

1. d4 Nf6 2. c4 g6 3. Nf3 d5 4. h4 Bg7 5. Nc3 c6 6. Bg5 O-O 7. e3 Bg4 8. Qb3 Qb6 9. Ne5 Be6 10. c5 Qxb3 11. axb3 Nbd7 12. Nxd7 Nxd7 13. Bxe7 Rfe8 14. Bd6 Bf5 15. Kd2 b6 16. b4 a5 17. b5 cxb5 18. c6 Nf6 19. Bxb5 Rec8 20. f3 Be6 21. Na4 Ne8 22.
Bf4 Nc7 23. Bd3 Rab8 24. h5 Bf8 25. hxg6 hxg6 26. Be5 Bg7 27. Bf4 Bf8 28. Rh2 Bb4+ 29. Ke2 Bf8 30. Rah1 Bg7 31. Rh7 Kf8 32. Bd6+ Kg8 33.
Bxg6 fxg6 34. Rxg7+ Kxg7 35. Be5+ Kf7 36. Rh7+ Ke8 37. Bxc7 Rxc7 38. Rxc7 1-0

[Event "*** Titled Tuesday Blitz"]
[Site "Chess.com"]
[Date "2021.02.09"]
[Round "1"]
[White "BvsN"]
[Black "AndrewMaco"]
[Result "0-1"]
[WhiteElo "2354"]
[BlackElo "2683"]
[TimeControl "180+1"]
[EndTime "10:07:18 PST"]
[Termination "AndrewMaco won by resignation"]

1. c4 e5 2. Nc3 Nf6 3. Nf3 Nc6 4. e3 Bb4 5. Qc2 Bxc3 6. Qxc3 Qe7 7. d4 exd4 8. Nxd4 Nxd4 9. Qxd4 c5 10. Qh4 d5 11.
cxd5 Nxd5 12. Qxe7+ Kxe7 13. a3 Be6 14. Bd2 Rhd8 15.
Be2 Rac8 16. e4 Nb6 17. O-O-O Bb3 18. Rde1 Bc4 19. Bxc4 Nxc4 20. Bc3 f6 21. Rd1 b6 22.
Rxd8 Rxd8 23. Rd1 Rxd1+ 24. Kxd1 Ke6 25. Ke2 Nd6 26. Kd3 Nb5 27. Bd2 Nd4 28. Be3 Nc6 29.
f3 Ne5+ 30. Kc3 Kd6 31. h3 Kc6 32. f4 Nf7 33. b4 Nd6 34. Kd3 c4+ 35. Kd4 Nb5+ 36. Kxc4 Nxa3+ 37. Kb3 Nb5 38. g4 Nd6 39. e5 fxe5 40. fxe5 Ne4 41. Kc4 a6 42. Kd4 Ng3 43. Bf2 Ne2+ 44. Kc4 Nf4 45. h4 Ne6 46. Be3 g6 47. h5 Nc7 48. Kd4 a5 49. bxa5 bxa5 50.
Ke4 Ne6 51. hxg6 hxg6 52. Bc1 Kc5 53. Ba3+ Kc4 54. Bd6 a4 55. Ke3 Nc5 56. Bxc5 Kxc5 57. Kd3 Kd5 58. Kc3 Kxe5 0-1

[Event "*** Titled Tuesday Blitz"]
[Site "Chess.com"]
[Date "2021.02.09"]
[Round "1"]
[White "GMJustin"]
[Black "GianmarcoVaR"]
[Result "0-1"]
[WhiteElo "2284"]
[BlackElo "2594"]
[TimeControl "180+1"]
[EndTime "10:07:20 PST"]
[Termination "GianmarcoVaR won on time"]

1. d4 Nf6 2. Nc3 d5 3. Bg5 Bf5 4. f3 h6 5. Bh4 Nbd7 6. e4 dxe4 7. fxe4 Nxe4 8. Qf3 Nd6 9. O-O-O g5 10. Bg3 Bg7 11. Bxd6 Bxc2 12. Bc4 O-O 13. Kxc2 cxd6 14. Nge2 Rc8 15.
Bd3 Qa5 16. Qf5 Qxf5 17. Bxf5 e6 18. Bd3 a6 19. Kb1 b5 20. Ne4 d5 21. N4g3 Nb8 22. Nh5 Bh8 23. h4 Nc6 24. hxg5 hxg5 25. g4 Nb4 26. a3 Nc6 27. Bc2 Nb8 28. Rh3 Rc4 29. Bd3 Rc7 30. Rdh1 Rfc8 31. Nhg3 Bg7 32. Rh5 Bf6 33. Rf1 Nd7 34. Rh6 Bg7 35. Rh2 Nf6 36. Nh5 Nxg4 37. Rg2 f5 38. Rxg4 fxg4 39. Rg1 Kf7 40.
Rxg4 Bf6 41. Nxf6 Kxf6 42. Rg2 Rh8 43. Ng3 Rh4 44. Bc2 a5 45. Rf2+ Kg7 46. Re2 Rc6 47.
Nf1 Rh1 0-1

[Event "*** Titled Tuesday Blitz"]
[Site "Chess.com"]
[Date "2021.02.09"]
[Round "1"]
[White "Bulldog167"]
[Black "Orest_Vovk"]
[Result "1-0"]
[WhiteElo "2832"]
[BlackElo "2422"]
[TimeControl "180+1"]
[EndTime "10:07:22 PST"]
[Termination "Bulldog167 won on time"]

1. b3 a5 2. a4 g6 3. Bb2 Nf6 4. Nf3 Bg7 5. g3 Nh5 6. Bxg7 Nxg7 7. Bg2 O-O 8. O-O Nc6 9. d4 d5 10. e3 Bf5 11. c4 dxc4 12. bxc4 Nb4 13. Na3 f6 14.
Qe2 Bd3 15. Qb2 Bxf1 16. Rxf1 Qd7 17. Qb3 c6 18. Rb1 Kh8 19. c5 Rae8 20. Nc4 Qc7 21. Nxa5 Qxa5 22. Qxb4 Qxb4 23. Rxb4 Rb8 24. Nd2 Ne6 25.
Nc4 Nc7 26. Na5 Na6 27. Rb6 e5 28. Nxb7 exd4 29. exd4 Nc7 30. Bxc6 Ne6 31. Rb4 Rfc8 32. Bg2 Nxc5 33. dxc5 Rxc5 34. Nxc5 Rxb4 35. Bf1 Rb1 36. a5 Ra1 37. a6 Kg7 38. Kg2 Kf7 39. h4 Ke7 40. Be2 Kd6 41. Ne4+ Ke5 42. f3 Ra2 43. Kf2 h6 44. Nc3 Ra3 45. Nd1 g5 46. h5 f5 47. Ne3 Ra1 48. g4 f4 49. Nf5 Kf6 50. Nxh6 1-0

[Event "*** Titled Tuesday Blitz"]
[Site "Chess.com"]
[Date "2021.02.09"]
[Round "1"]
[White "anon102030"]
[Black "JQuiroga18"]
[Result "0-1"]
[WhiteElo "2735"]
[BlackElo "2414"]
[TimeControl "180+1"]
[EndTime "10:07:22 PST"]
[Termination "JQuiroga18 won by checkmate"]

1. e4 e5 2. Nc3 Nc6 3. g3 Nf6 4. Bg2 d6 5. d3 Be7 6. f4 O-O 7. Nf3 Re8 8. O-O Bf8 9. h3 a6 10. g4 exf4 11. Bxf4 d5 12. e5 d4 13. exf6 dxc3 14.
fxg7 Bxg7 15. bxc3 Bxc3 16. Rb1 Bg7 17. Ng5 Nd4 18.
Nxf7 Ne2+ 19. Kh1 Qe7 20. Bh2 Nc3 21. Qe1 Nxb1 22. Qxb1 c6 23. Nd6 Rf8 24. Re1 Qf6 25. Qb3+ Kh8 26. Rf1 Be6 27. Rxf6 Bxb3 28. Rxf8+ Rxf8 29. axb3 Rf2 30. c4 Rb2 31. Be4 Rxb3 32. Bf4 a5 33. Nf5 Bf6 34. g5 Bc3 35. d4 a4 36.
d5 cxd5 37. cxd5 a3 38. d6 a2 39. d7 a1=Q+ 40. Kg2 Rb2+ 41. Kf3 Qd1+ 42. Kg3 Be1# 0-1

[Event "*** Titled Tuesday Blitz"]
[Site "Chess.com"]
[Date "2021.02.09"]
[Round "1"]
[White "federicosellitti"]
[Black "BilodeauA"]
[Result "0-1"]
[WhiteElo "2449"]
[BlackElo "2887"]
[TimeControl "180+1"]
[EndTime "10:07:23 PST"]
[Termination "BilodeauA won by resignation"]

1. e4 c5 2. Nc3 a6 3. g3 b5 4. Bg2 Bb7 5. d3 e6 6. Be3 Nc6 7. Nge2 Nf6 8. h3 d6 9. Qd2 Be7 10. O-O O-O 11. f4 d5 12. e5 d4 13. exf6 Bxf6 14.
Ne4 dxe3 15. Nxf6+ Qxf6 16. Qxe3 Qxb2 17. c3 Na5 18.
Bxb7 Nxb7 19. f5 exf5 20. Rae1 Rae8 21. Qf3 Qxa2 22. Nf4 Nd6 23. Nd5 Qd2 24. Rxe8 Rxe8 25. g4 c4 26. dxc4 bxc4 27. gxf5 Ne4 28. Nf4 Ng5 29. Qg4 Qe3+ 30. Rf2 f6 31. Kg2 Qe4+ 32. Kh2 Qe5 33. Kg2 Qxc3 34. h4 Ne4 35. Nh5 Re7 36. Re2 Qd3 37. Rxe4 Qxe4+ 0-1

[Event "*** Titled Tuesday Blitz"]
[Site "Chess.com"]
[Date "2021.02.09"]
[Round "1"]
[White "DanilNajdin"]
[Black "GMBenjaminBok"]
[Result "0-1"]
[WhiteElo "2464"]
[BlackElo "3013"]
[TimeControl "180+1"]
[EndTime "10:07:24 PST"]
[Termination "GMBenjaminBok won by resignation"]

1. e4 c5 2. Nf3 d6 3. d4 cxd4 4. Qxd4 Nf6 5. Bb5+ Bd7 6. Bxd7+ Qxd7 7. c4 g6 8. Nc3 Bg7 9. O-O O-O 10. Bg5 Nc6 11.
Qd2 Rac8 12. b3 a6 13. Bh6 b5 14. Bxg7 Kxg7 15. cxb5 axb5 16. e5 dxe5 17. Qxd7 Nxd7 18. Nxb5 e4 19. Rfd1 Nc5 20. Nfd4 Nxd4 21. Rxd4 f5 22. g3 Nd3 23. a4 Rc2 24. a5 Nxf2 25. a6 Nh3+ 26. Kh1 Ng5 27. Rda4 Nf3 28. R4a2 Rfc8 29.
a7 e3 30. Nc7 R2xc7 31. a8=Q Rxa8 32. Rxa8 e2 33. Kg2 e1=Q 34. Rxe1 Nxe1+ 35. Kf2 Nd3+ 36. Ke3 Nc5 37. b4 Ne4 0-1